 Dungeon Crawl Stone Soup version 0.17-a0-1850-g688e747 (webtiles) character file.

80 Oddball22 the Caller (level 4, -8/32 HPs)
             Began as a Demonspawn Summoner on Sept 19, 2015.
             Mangled by a gnoll
             ... wielding a +0 glaive
              (19 damage)
             ... on level 3 of the Dungeon.
             The game lasted 00:06:53 (2102 turns).

Oddball22 the Caller (Demonspawn Summoner)          Turns: 2102, Time: 00:06:53

Health: -8/32      AC:  3    Str:  9    XL:     4   Next: 18%
Magic:  6/7        EV: 13    Int: 14    God:
Gold:   134        SH:  0    Dex: 14    Spells: 3 memorised, 1 level left

rFire  . . .     SeeInvis .     p - +2 dagger (venom)
rCold  . . .     Clarity  .     n - +0 robe (curse)
rNeg   . . .     SustAt   .     (no shield)
rPois  .         Gourm    .     (no helmet)
rElec  .         Spirit   .     d - +0 cloak
rCorr  .         Warding  .     (no gloves)
rMut   .         Stasis   .     (no boots)
MR     .....                    (no amulet)
Stlth  ++........               (no ring)
                                h - -2 ring of intelligence (curse)

@: not resistant to hostile enchantments, unstealthy
A: powered by death 2
a: no special abilities


You were on level 3 of the Dungeon.
You were not hungry.

You visited 1 branch of the dungeon, and saw 3 of its levels.

You collected 134 gold pieces.

Inventory:

Hand weapons
 i - a +0 club
 p - a +2 dagger of venom (weapon)
 r - a cursed -3 whip
Armour
 d - a +0 cloak (worn)
 l - a +0 ring mail of magic resistance
 n - a cursed +0 robe (worn)
Jewellery
 h - a cursed -2 ring of intelligence (left hand)
 s - an uncursed amulet of warding {unknown}
Scrolls
 k - 2 scrolls of immolation
 q - a scroll of teleportation {unknown}
Potions
 a - a potion of heal wounds {unknown}
 e - a potion of curing {unknown}
 j - 2 potions of invisibility
 o - a potion of agility {unknown}
Books
 b - a book of Callings

   Spells                             Type                      Level
   a - Summon Small Mammal            Summoning                    1
   b - Call Imp                       Summoning                    2
   c - Call Canine Familiar           Summoning                    3
   d - Summon Guardian Golem          Hexes/Summoning              3
   e - Summon Lightning Spire         Summoning/Air                4
   f - Summon Ice Beast               Ice/Summoning                4
Comestibles
 c - a bread ration
 f - a chunk of flesh
 g - 3 slices of pizza
 m - a meat ration


   Skills:
 + Level 1.4 Fighting
 + Level 2.5 Dodging
 - Level 1.7 Stealth
 - Level 2.0 Spellcasting
 * Level 5.0 Summonings


You had one spell level left.
You knew the following spells:

 Your Spells              Type           Power        Failure   Level  Hunger
a - Summon Small Mammal   Summ           ###.         2%          1    ##.....
b - Call Imp              Summ           ###.....     4%          2    ###....
c - Call Canine Familiar  Summ           ###.....     10%         3    ####...


Dungeon Overview and Level Annotations

Branches:
Dungeon (3/15)

Altars:


Innate Abilities, Weirdness & Mutations

You regenerate health from kills.


Message History

You continue eating. x2
You feel less regenerative. What do you say? t - Shout!
Orders for allies: a - Attack new target. r - Retreat! s - Stop attacking. w - Wait here. f - Follow me.
Anything else - Stay silent.
Gang up on whom?
Press: ? - help, Dir - move target cursor, f - gnoll
Aim: a gnoll, wielding a glaive Attack!
Your hound bites the gnoll.
The gnoll hits you from afar with a glaive!!
Ouch! That really hurt!
Your hound bites the gnoll.
An adder comes into view.
Your hound barely misses the gnoll.
The gnoll hits you with a glaive!!
Ouch! That really hurt!
You die...

## ### #.#.#.# # #..
.....# #.#.#.# # #..
#..#.# #.<.#.# #..#
#..#.# #..##.#
#...##..#.# #..##.##
.###.......#.###).#...##
.'S.....................
#..gh##.#.####.#...##
#...@.....# #.#....#
#.......### #.#.##.#
#.....### #.#.##.#
#.....# #.#.##.# #.....#
#....#.# #.....#
###..#.# #####.#
###..#.# #.# #....... #.
#.#####)


You could see a gnoll, an adder and a friendly hound.

Vanquished Creatures
  2 gnolls
  2 adders (D:2)
  2 giant geckos
  An orc (D:3)
  A bat (D:1)
  3 giant cockroaches
  2 goblins
  3 hobgoblins (D:1)
  7 kobolds
  2 giant newts (D:3)
  A rat (D:2)
26 creatures vanquished.

Vanquished Creatures (collateral kills)
  An adder (D:2)
  3 bats
  2 giant cockroaches (D:1)
  3 goblins
  3 hobgoblins
  2 kobolds (D:1)
  A rat (D:2)
15 creatures vanquished.

Grand Total: 41 creatures vanquished

Notes
Turn   | Place    | Note
--------------------------------------------------------------
     0 | D:1      | Oddball22 the Demonspawn Summoner began the quest for the Orb.
     0 | D:1      | Reached XP level 1. HP: 13/13 MP: 3/3
   405 | D:1      | Gained mutation: You regenerate a little health from kills. [demonic ancestry]
   405 | D:1      | Reached XP level 2. HP: 19/19 MP: 1/5
   885 | D:1      | Learned a level 2 spell: Call Imp
  1071 | D:2      | Reached XP level 3. HP: 13/25 MP: 3/6
  1239 | D:2      | Reached skill level 1 in Fighting
  1566 | D:2      | Learned a level 3 spell: Call Canine Familiar
  1868 | D:3      | Reached skill level 5 in Summonings
  1956 | D:3      | Gained mutation: You regenerate health from kills. [demonic ancestry]
  1956 | D:3      | Reached XP level 4. HP: 32/32 MP: 7/7
  2102 | D:3      | Mangled by a gnoll

Vault maps used:
D:1:      dpeg_arrival_arbitrary_c, monster_avoids_cloud

Action                   |  1- 3 |  4- 6 || total
-------------------------+-------+-------++-------
Melee: Unarmed           |    13 |       ||    13
       Club              |    45 |       ||    45
       Dagger            |    49 |     7 ||    56
 Cast: Summon Small Mamm |    26 |       ||    26
       Call Imp          |     2 |       ||     2
       Call Canine Famil |     1 |     1 ||     2
  Use: Scroll            |     4 |       ||     4
 Stab: Sleeping          |     3 |     1 ||     4
  Eat: Chunk             |     4 |     1 ||     5
